 Dungeon Crawl Stone Soup version 0.30-a0-1160-g6e42c06551 (webtiles) character file.

Game seed: 5788621558751912438

115077 jimonade the Wrestler (level 14, -5/104 (117) HPs)
             Began as a Troll Monk on Apr 27, 2023.
             Was the Champion of Ru.
             Slain by an ettin
             ... wielding a +0 great mace
              (32 damage)
             ... on level 1 of the Depths.
             The game lasted 01:00:31 (22542 turns).

jimonade the Wrestler (Troll Monk)                 Turns: 22542, Time: 01:00:32

HP:   -5/104 (117)  AC: 19    Str: 28    XL:     14   Next: 17%
MP:   13/13         EV: 12    Int:  6    God:    Ru [******]
Gold: 1935          SH:  9    Dex: 12    Spells: 13/13 levels left

rFire   + .          .
                       - Unarmed
rCold   + + +        m - +0 kite shield
rNeg    . . .        T - +4 skin of Zhor {*Englaciate rC+++ SInv}
rPois   .            I - +2 hat
rElec   .            w - +0 cloak
rCorr   .            (gloves unavailable)
SInv    +            (boots unavailable)
Will    +....        h - amulet of Autumn {Acrobat rF+ rC+ Str+2} Stlth
                     Q - +4 ring of protection
HPRegen 1.17/turn    t - +4 ring of protection
MPRegen 0.13/turn

%: acrobat
@: studying Ice Magic, heavily drained
A: large, unfitting armour, claws 3, frail 1, regeneration 1, shaggy fur 1,
tough skin 1, no stealth, hated by all, inexperienced 2
a: Renounce Religion, Draw Out Power, Power Leap, Apocalypse


You were on level 1 of the Depths.
You worshipped Ru.
Ru was exalted by your worship.
You visited 5 branches of the dungeon, and saw 24 of its levels.
You visited the Abyss 1 time.
You visited 1 bazaar.
You also visited: Ossuary and Ice Cave.

You collected 2583 gold pieces.
You spent 648 gold pieces at shops.

Inventory:

Missiles
 v - 6 throwing nets
 V - 2 large rocks
Armour
 c - an orb of light
 m - a +0 kite shield (worn)
 w - a +0 cloak (worn)
 I - a +2 hat (worn)
 M - a +2 robe of willpower
 T - the +4 skin of Zhor (worn) {*Englaciate rC+++ SInv}
   (You found it in an ice cave)

   *Englaciate: It radiates cold, occasionally slowing all nearby creatures who
   are not resistant to cold.
   rC:        It renders you almost immune to cold.
   SInv:      It lets you see invisible.
 U - a +0 troll leather armour
Jewellery
 h - the amulet of Autumn (around neck) {Acrobat rF+ rC+ Str+2}
   (You acquired it on level 7 of the Dungeon)

   [amulet of the acrobat]

   It increases your evasion while moving and waiting.
   Str:       It affects your strength (+2).
   rF:        It protects you from fire.
   rC:        It protects you from cold.
 q - a ring of resist corrosion
 s - a +6 ring of strength
 t - a +4 ring of protection (right claw)
 L - a ring of protection from cold
 Q - a +4 ring of protection (left claw)
 Z - a ring of poison resistance
Wands
 d - a wand of flame (13)
 D - a wand of iceblast (13)
 F - a wand of mindburst (8)
 N - a wand of polymorph (3)
 S - a wand of digging (19)
Scrolls
 f - 18 scrolls of teleportation
 k - 2 scrolls of magic mapping
 l - 7 scrolls of immolation
 n - 4 scrolls of fog
 o - 4 scrolls of silence
 r - 7 scrolls of blinking
 B - a scroll of identify
 C - 7 scrolls of poison
 E - 2 scrolls of fear
 K - a scroll of vulnerability
 R - 2 scrolls of enchant armour
 W - a scroll of enchant weapon {unknown}
 X - 2 scrolls of amnesia {unknown}
 Y - 3 scrolls of torment
Potions
 a - 2 potions of heal wounds {unknown}
 b - 4 potions of ambrosia
 e - 7 potions of flight
 g - 2 potions of cancellation
 i - 17 potions of curing
 j - a potion of might {unknown}
 p - 5 potions of brilliance
 u - 3 potions of resistance
 z - 3 potions of attraction
 A - 5 potions of mutation
 G - 2 potions of invisibility {unknown}
 H - 5 potions of haste
 J - 2 potions of berserk rage {unknown}
 O - 5 potions of degeneration {unknown}
Miscellaneous
 x - a tin of tremorstones (2/2)
 y - a lightning rod (4/4) (quivered)
 P - a phial of floods


   Skills:
 + Level 6.1 Fighting
 + Level 4.8 Armour
 + Level 9.1 Dodging
 * Level 5.7 Shields
 + Level 24.3 Unarmed Combat
 * Level 8.5 Evocations


You had 13 spell levels left.
You didn't know any spells.
Your spell library contained the following spells:

 Spells                   Type           Power      Damage    Failure   Level
 Apportation              Tloc           0%         N/A       67%         1
 Kiss of Death            Conj/Necr      0%         2d5       67%         1
 Necrotise                Necr           0%         1d4       67%         1
 Sting                    Tmut/Pois      0%         1d3       67%         1
 Blink                    Tloc           0%         N/A       80%         2
 Lesser Beckoning         Tloc           0%         N/A       80%         2
 Momentum Strike          Conj/Tloc      0%         3d8       80%         2
 Poisonous Vapours        Pois/Air       0%         N/A       80%         2
 Confusing Touch          Hex            0%         N/A       95%         3
 Hailstorm                Conj/Ice       0%         3d3       95%         3
 Ignite Poison            Fire/Tmut/Pois 0%         N/A       95%         3
 Inner Flame              Hex/Fire       0%         N/A       95%         3
 Vampiric Draining        Necr           0%         2d6       95%         3
 Dispel Undead            Necr           0%         3d6       100%        4
 Flame Wave               Conj/Fire      0%         2d4       100%        4
 Ice Form                 Ice/Tmut       0%         N/A       100%        4
 Olgreb's Toxic Radiance  Pois           0%         N/A       100%        4
 Sticky Flame             Conj/Fire      0%         2d3       100%        4
 Agony                    Necr           0%         N/A       100%        5
 Ignition                 Fire           0%         3d3       100%        8
 Summon Small Mammal      Summ           Unusable   N/A       N/A         1
 Call Canine Familiar     Summ           Unusable   N/A       N/A         3
 Summon Guardian Golem    Hex/Summ       Unusable   N/A       N/A         3
 Simulacrum               Ice/Necr       Unusable   N/A       N/A         6

Dungeon Overview and Level Annotations

Branches:
Dungeon (15/15)            Temple (1/1) D:5            Lair (5/5) D:10
 Shoals (0/4) Lair:3        Snake (0/4) Lair:2        Slime (0/5) Lair:4
    Orc (2/2) D:11            Elf (0/3) Orc:2        Vaults (0/5) D:14
 Depths (1/4) D:15        Ossuary (visited)           IceCv (visited)

Altars:
Ashenzari
Cheibriados
Dithmenos
Elyvilon
Gozag
Kikubaaqudgha
Makhleb
Nemelex Xobeh
Okawaru
Qazlal
Ru
Sif Muna
Trog
Uskayaw
Vehumet
Wu Jian
Xom
Zin
The Shining One

Shops:
D:5 [   D:7 ?   Orc:1 ?:   Orc:2 [(*=

Portals:
Ziggurat: Depths:1

Annotations:
D:8 4 transporters


Innate Abilities, Weirdness & Mutations

You are too large for most types of armour.
You have claws for hands.
You are frail. (-10% HP)
Your natural rate of healing is unusually fast.
You are covered in fur. (AC +1)
You have tough skin. (AC +1)
You cannot be stealthy.
You are hated by all.
You are inexperienced. (-2 XL)


Message History

The ice dragon is heavily wounded.
The ice dragon barely misses you. You block the ice dragon's attack.
The ice dragon tramples you!
You hold your ground!
You scratch the ice dragon but do no damage.
The ice dragon is heavily wounded.
You mangle the ice dragon!!
The ice dragon is severely wounded.
You block the ice dragon's attack. The ice dragon barely misses you.
You block the ice dragon's attack.
You barely miss the ice dragon.
The ice dragon is severely wounded.
The ice dragon is stunned by your conviction and fails to attack.
You eviscerate the ice dragon!!!
You kill the ice dragon!
The ettin completely misses you. You block the ettin's attack.
You scratch the ettin but do no damage.
The ettin hits you with a +0 great mace!!!
The ettin barely misses you.
You eviscerate the ettin!!!
The ettin is severely wounded.
You claw the ettin!
The ettin is almost dead.
The ettin closely misses you. The ettin barely misses you.
You claw the ettin!
The ettin is almost dead.
You block the ettin's attack.
The ettin hits you with a +0 dire flail!!
* * * LOW HITPOINT WARNING * * *
You completely miss the ettin.
The ettin is almost dead.
You radiate an aura of cold.
The ettin seems to slow down.
You scratch the ettin but do no damage.
The ettin is almost dead.
You block the ettin's attack. The ettin closely misses you.
You scratch the ettin but do no damage.
The ettin is almost dead.
You scratch the ettin but do no damage.
The ettin is almost dead.
The ettin hits you with a +0 great mace!!
You die...

#.C..... #......
#..... +.... ... #'#
#.#### #############
#.C..# .......##8_8#
##@#.# .......##...#
#.#.#
)......##...####.#.#
.......[##.##......#
.......#....####.###
.......#....# #.#
#'######....# #.#
#>## #....# #.# #..#
##...####.#


You could see an ettin (slow).

Vanquished Creatures
  Kirke (D:15)
  Agnes (D:15)
  Gastronok (Lair:1)
  A fire giant (Depths:1)
  2 orc warlords
  A stone giant (D:15)
  2 vampire knights (Depths:1)
  Josephine (D:14)
  A yaktaur captain (D:14)
  A fire dragon (Depths:1)
  2 hydras (Lair:4)
  Harold (Lair:1)
  2 ice dragons (Depths:1)
  A boulder beetle (D:13)
  Erica (D:8)
  5 catoblepae
  5 two-headed ogres
  17 death yaks
  8 centaur warriors
  2 thrashing horrors (Abyss:2)
  5 tengu warriors
  2 orc high priests (Orc:2)
  2 skysharks (Lair:5)
  Sonja (D:11)
  3 skeletal warriors (D:12)
  Amaemon (D:11)
  A goliath frog (Lair:5)
  A bog body (IceCv)
  A necromancer (IceCv)
  4 orc knights
  3 oklob plants
  4 deep elf pyromancers
  5 orc sorcerers (Orc:2)
  3 cyclopes
  10 ugly things
  8 manticores
  Joseph (D:7)
  9 elephants
  3 black mambas
  A gargoyle (D:12)
  A demonic crawler (Abyss:2)
  2 ice statues (IceCv)
  2 torpor snails (Lair:3)
  2 unseen horrors (D:12)
  23 cane toads
  Maggie (D:7)
  An efreet (D:15)
  2 kobold demonologists (D:12)
  An orange demon (D:11)
  Psyche (D:11)
  2 freezing wraiths
  3 anaconda simulacra (IceCv)
  A rime drake (Lair:4)
  3 yaktaurs
  3 ice devils (IceCv)
  3 tengu conjurers
  14 komodo dragons
  An ancient zyme (Abyss:2)
  12 trolls
  3 meliai
  2 tyrant leeches (Lair:5)
  A merfolk (D:11)
  A polar bear (Lair:3)
  12 blink frogs
  4 dream sheep (Lair:5)
  A hornet (D:8)
  2 large abominations (Abyss:2)
  5 wyverns
  3 shadows
  2 vampires
  15 slime creatures
  4 wraiths
  46 yaks
  6 humans
  2 dire elephant simulacra (IceCv)
  2 hogs (D:15)
  3 basilisks
  13 vampire mosquitoes
  A harpy simulacrum (IceCv)
  4 nagas (Lair:2)
  2 acid dragons
  5 wargs
  4 hydra simulacra (IceCv)
  11 water moccasins
  Duvessa (D:7)
  31 orc warriors
  A meliai simulacrum (D:15)
  A sky beast (D:7)
  A black bear (D:5)
  2 ice beasts
  3 boggarts (D:14)
  5 wolves (Lair:3)
  9 ogres
  21 centaurs
  2 kobold brigands
  15 bullfrogs
  An elf zombie (Ossuary)
  Blork the orc (Orc:2)
  A gnoll sergeant (D:10)
  A two-headed ogre simulacrum (IceCv)
  5 scorpions
  A cane toad simulacrum (IceCv)
  7 wights
  Dowan (D:7)
  3 killer bees (D:8)
  An elephant simulacrum (IceCv)
  6 howler monkeys
  An electric eel (Lair:5)
  A lava snake (D:14)
  4 hounds
  2 jellies
  22 orc priests
  A gnoll bouda (D:5)
  2 iguanas
  An iron imp (Abyss:2)
  4 sleepcaps
  Natasha (twice) (D:4)
  18 orc wizards
  A troll simulacrum (IceCv)
  A spriggan simulacrum (IceCv)
  A boggart simulacrum (D:15)
  A hound zombie (Ossuary)
  4 mummies (Ossuary)
  16 gnolls
  14 adders
  4 white imps
  An ufetubus (IceCv)
  2 adder zombies (Ossuary)
  A dart slug (D:1)
  61 orcs
  7 ball pythons
  5 endoplasms
  3 giant cockroaches
  A gnoll zombie (Ossuary)
  9 goblins
  8 hobgoblins
  4 jackals (D:1)
  14 kobolds
  7 quokkas
  9 bats
  4 frilled lizards
  4 goblin zombies (Ossuary)
  A hobgoblin zombie (Ossuary)
  A kobold zombie (Ossuary)
  An orc zombie (Ossuary)
  6 rats
  A plant (D:10)
726 creatures vanquished.

Vanquished Creatures (others)
  An elephant (Lair:3)
  An orc warrior (Orc:2)
  An orc (Orc:1)
  2 foxfires (Abyss:2)
  31 fungi
  121 plants
157 creatures vanquished.

Grand Total: 883 creatures vanquished

Notes
Turn   | Place    | Note
-------+----------+-------------------------------------------
     0 | D:1      | jimonade the Troll Monk began the quest for the Orb.
     0 | D:1      | Reached XP level 1. HP: 22/22 MP: 0/0
   192 | D:1      | Reached XP level 2. HP: 27/29 MP: 1/1
   676 | D:2      | Reached XP level 3. HP: 33/36 MP: 2/2
   775 | D:2      | Found an opulent altar of Gozag.
   799 | D:2      | Reached skill level 4 in Unarmed Combat
   943 | D:2      | Reached XP level 4. HP: 43/44 MP: 3/3
  1827 | D:3      | Reached XP level 5. HP: 46/48 MP: 4/4
  1958 | D:3      | Found a broken altar of Ashenzari.
  1958 | D:3      | Found a glowing silver altar of Zin.
  2136 | D:3      | Reached skill level 5 in Unarmed Combat
  2337 | D:4      | Found a sand-covered staircase.
  2344 | Ossuary  | Entered an ossuary
  2359 | Ossuary  | Reached XP level 6. HP: 46/61 MP: 5/5
  2431 | Ossuary  | Reached skill level 6 in Unarmed Combat
  2712 | D:4      | Noticed an orc warrior
  2743 | D:4      | Killed an orc warrior
  2744 | D:4      | Reached skill level 7 in Unarmed Combat
  2897 | D:4      | Reached XP level 7. HP: 58/67 MP: 6/6
  3075 | D:4      | Noticed Natasha
  3081 | D:4      | Killed Natasha
  3384 | D:4      | Noticed Natasha
  3386 | D:5      | Entered Level 5 of the Dungeon
  3390 | D:4      | Killed Natasha
  3408 | D:5      | Reached skill level 8 in Unarmed Combat
  3589 | D:5      | Reached skill level 9 in Unarmed Combat
  3670 | D:5      | Found a staircase to the Ecumenical Temple.
  3684 | Temple   | Entered the Ecumenical Temple
  3709 | Temple   | Became a worshipper of Ru the Awakened
  3710 | Temple   | Gained mutation: You are hated by all. [Ru sacrifice]
  3710 | Temple   | Reached * piety under Ru
  3807 | D:5      | Reached skill level 10 in Unarmed Combat
  3947 | D:5      | Reached XP level 8. HP: 75/75 MP: 7/7
  4039 | D:5      | Found Lueshiokhi's Armour Emporium.
  4049 | D:5      | Found a stormy altar of Qazlal.
  4056 | D:5      | Bought a +2 robe of willpower for 212 gold pieces
  4214 | D:5      | Reached skill level 11 in Unarmed Combat
  4548 | D:6      | Found a bloodstained altar of Trog.
  4637 | D:6      | Reached skill level 12 in Unarmed Combat
  4798 | D:6      | Found a broken altar of Ashenzari.
  4876 | D:6      | Reached skill level 13 in Unarmed Combat
  5391 | D:6      | Noticed a two-headed ogre
  5409 | D:6      | Killed a two-headed ogre
  5410 | D:6      | Reached skill level 5 in Dodging
  5410 | D:6      | Reached skill level 14 in Unarmed Combat
  5410 | D:6      | Reached XP level 9. HP: 65/83 MP: 8/8
  5516 | D:7      | Noticed Maggie
  5528 | D:7      | Killed Maggie
  5563 | D:7      | Noticed Joseph
  5575 | D:7      | Killed Joseph
  5576 | D:7      | Reached skill level 15 in Unarmed Combat
  5708 | D:7      | Noticed Duvessa
  5708 | D:7      | Noticed Dowan
  5730 | D:7      | Killed Duvessa
  5731 | D:7      | Killed Dowan
  5971 | D:7      | Found Voshrorph's Magic Scroll Shoppe.
  5979 | D:7      | Bought a scroll of teleportation for 30 gold pieces
  5987 | D:7      | Identified a scroll of acquirement
  5988 | D:7      | Acquired the amulet of Autumn {Acrobat rF+ rC+ Str+2}
  6089 | D:7      | Found a sparkling altar of Nemelex Xobeh.
  6136 | D:7      | Reached skill level 16 in Unarmed Combat
  6138 | D:7      | Reached XP level 10. HP: 92/92 MP: 9/9
  6180 | D:7      | Found an iron altar of Okawaru.
  6410 | D:8      | Noticed a two-headed ogre
  6419 | D:8      | Killed a two-headed ogre
  6420 | D:8      | Reached skill level 1 in Stealth
  6420 | D:8      | Reached skill level 1 in Evocations
  6473 | D:8      | Noticed Erica
  6498 | D:8      | Killed Erica
  6515 | D:8      | Gained mutation: You are frail. (-10% HP) [Ru sacrifice]
  6515 | D:8      | Reached ** piety under Ru
  6515 | D:8      | Reached *** piety under Ru
  6578 | D:8      | Reached skill level 17 in Unarmed Combat
  6644 | D:8      | Found a transporter.
  6652 | D:8      | Found a transporter.
  6670 | D:8      | Found a transporter.
  6780 | D:8      | Found a transporter.
  7106 | D:9      | Found a shadowy altar of Dithmenos.
  7562 | D:9      | Reached XP level 11. HP: 90/90 MP: 10/10
  8075 | D:10     | Entered Level 10 of the Dungeon
  8325 | D:10     | Found an opulent altar of Gozag.
  8395 | D:10     | Noticed an oklob plant
  8465 | D:10     | Found a staircase to the Lair.
  8776 | D:11     | Noticed a two-headed ogre
  8779 | D:11     | Killed a two-headed ogre
  8780 | D:11     | Reached skill level 1 in Armour
  8883 | D:11     | Noticed Sonja
  8886 | D:11     | Killed Sonja
  8919 | D:11     | Found a flickering gateway to a bazaar.
  8930 | D:11     | Reached skill level 18 in Unarmed Combat
  8937 | Bazaar   | Entered a bazaar
  8937 | Bazaar   | Found Gaogy's Armour Boutique.
  8937 | Bazaar   | Found Wemol's Armour Shop.
  8937 | Bazaar   | Found Uzoaxeze's Antique Weapon Shop.
  8942 | Bazaar   | Gained mutation: You are somewhat inexperienced. (-1 XL)
                  | [Ru sacrifice]
  8942 | Bazaar   | Reached XP level 10. HP: 84/84 MP: 9/9
  8942 | Bazaar   | Reached **** piety under Ru
  8950 | Bazaar   | Bought a +2 buckler of protection for 301 gold pieces
  9001 | D:11     | Found a staircase to the Orcish Mines.
  9143 | D:11     | Noticed Amaemon
  9161 | D:11     | Killed Amaemon
  9215 | D:11     | Noticed Psyche
  9238 | Abyss:2  | Cast into level 2 of the Abyss (Psyche)
  9303 | Abyss:2  | Found a corrupted altar of Lugonu.
  9321 | Abyss:2  | Noticed a tentacled starspawn
  9366 | Abyss:2  | Noticed a balrug
  9368 | Abyss:2  | HP: 3/84 [large abomination (25)]
  9466 | Abyss:2  | Noticed a starflower
  9479 | Abyss:2  | Found a corrupted altar of Lugonu.
  9479 | Abyss:2  | Noticed a thrashing horror
  9489 | Abyss:2  | Noticed a thrashing horror
  9499 | Abyss:2  | Noticed a lich
  9500 | Abyss:2  | Killed a thrashing horror
  9504 | Abyss:2  | Killed a thrashing horror
  9518 | D:11     | Escaped the Abyss
  9520 | D:11     | Killed Psyche
 10076 | D:10     | Killed an oklob plant
 10110 | Lair:1   | Entered Level 1 of the Lair of Beasts
 10113 | Lair:1   | Reached XP level 11. HP: 90/90 MP: 10/10
 10121 | Lair:1   | Noticed Gastronok
 10144 | Lair:1   | Killed Gastronok
 10278 | Lair:1   | Noticed Harold
 10408 | D:10     | Reached skill level 19 in Unarmed Combat
 10432 | Lair:1   | Killed Harold
 11154 | Lair:2   | Noticed a catoblepas
 11168 | Lair:2   | Killed a catoblepas
 11187 | Lair:2   | Gained mutation: You are inexperienced. (-2 XL) [Ru
                  | sacrifice]
 11187 | Lair:2   | Reached XP level 10. HP: 84/84 MP: 9/9
 11187 | Lair:2   | Reached ***** piety under Ru
 11347 | Lair:2   | Found a staircase to the Snake Pit.
 11414 | Lair:2   | Noticed a catoblepas
 11436 | Lair:2   | Killed a catoblepas
 11532 | Lair:2   | Reached skill level 5 in Evocations
 12304 | Lair:3   | Reached skill level 5 in Fighting
 12436 | Lair:3   | Reached skill level 20 in Unarmed Combat
 12440 | Lair:3   | Reached XP level 11. HP: 91/91 MP: 10/10
 12465 | Lair:3   | Found a staircase to the Shoals.
 13486 | Lair:4   | Gained mutation: You cannot be stealthy. [Ru sacrifice]
 13486 | Lair:4   | Reached ****** piety under Ru
 13665 | Lair:4   | You fall into a shaft and drop 1 floor!
 13665 | Lair:5   | Entered Level 5 of the Lair of Beasts
 13788 | Lair:5   | Reached skill level 21 in Unarmed Combat
 14207 | Lair:5   | Reached XP level 12. HP: 86/95 MP: 2/11
 14548 | Lair:4   | Found a shimmering altar of Xom.
 14565 | Lair:4   | Found a staircase to the Slime Pits.
 14734 | Lair:4   | Reached skill level 22 in Unarmed Combat
 15819 | Orc:1    | Entered Level 1 of the Orcish Mines
 15819 | Orc:1    | Noticed an orc warlord
 15828 | Orc:1    | Killed an orc warlord
 15971 | Orc:1    | Reached skill level 1 in Shields
 16071 | Orc:1    | Found Huajaicw's Book Boutique.
 16170 | Orc:1    | Found Texas's Assorted Antiques.
 16243 | Orc:1    | Found Simpu's Magic Scroll Boutique.
 16246 | Orc:1    | Bought a scroll of blinking for 105 gold pieces
 16284 | Orc:2    | Entered Level 2 of the Orcish Mines
 16329 | Orc:2    | Found a staircase to the Elven Halls.
 16390 | Orc:2    | Found a frozen archway.
 16405 | IceCv    | Entered an ice cave
 16792 | IceCv    | Found the +4 skin of Zhor {*Englaciate rC+++ SInv}
 17069 | Orc:2    | Noticed Blork the orc
 17176 | Orc:2    | Reached XP level 13. HP: 93/94 MP: 12/12
 17178 | Orc:2    | Killed Blork the orc
 17378 | Orc:2    | Found Gomiegel's Antique Armour Shoppe.
 17403 | Orc:2    | Found Ahodduc's Jewellery Shoppe.
 17424 | Orc:2    | Found Xetzi's General Store.
 17603 | Orc:2    | Found Burequd's Antique Weapon Shoppe.
 17994 | D:12     | Reached skill level 23 in Unarmed Combat
 18280 | D:12     | Identified the amulet "Bideettew" {Spirit Fragile rElec
                  | rPois}
 19957 | D:14     | Found a broken altar of Ashenzari.
 20623 | D:14     | Found a gate to the Vaults.
 21131 | D:15     | Entered Level 15 of the Dungeon
 21135 | D:15     | Noticed Josephine
 21155 | D:14     | HP: 3/89 [centaur warrior (7)]
 21156 | D:14     | Killed Josephine
 21157 | D:14     | Reached skill level 5 in Shields
 21240 | D:15     | Noticed Kirke
 21242 | D:15     | Reached skill level 24 in Unarmed Combat
 21245 | D:15     | Killed Kirke
 21245 | D:15     | Noticed Agnes
 21306 | D:15     | Killed Agnes
 21362 | D:15     | Reached XP level 14. HP: 60/98 MP: 11/13
 21716 | D:15     | Identified the +6 war axe of Bahuuxik {freeze, rF- rN+
                  | Str+4 Dex+3}
 21812 | D:15     | Found a staircase to the Depths.
 22019 | D:15     | Found a shimmering altar of Xom.
 22238 | Depths:1 | Entered Level 1 of the Depths
 22239 | Depths:1 | Found a one-way gateway to a ziggurat.
 22271 | Depths:1 | Found an opulent altar of Gozag.
 22542 | Depths:1 | Slain by an ettin

Illustrated notes

Levels and vault maps discovered:
D:1:      psy_arrival_wood_between_worlds, layout_loops_ring, minmay_circled_x
D:2:      layout_loops_ring, basic_altar
D:3:      layout_basic, gammafunk_temple_overflow_elements, serial_aquarium,
          aquarium_bridge_square [aquarium_subvault_bridge,
          aquarium_subvault_wall, aquarium_subvault_balcony,
          aquarium_subvault_bridge], aquarium_window_2,
          aquarium_window_corridor_1, aquarium_window_corner, aquarium_view_2d,
          aquarium_pool_corner
D:4:      layout_gridville, chequers_ossuary_entry_cave, uniq_natasha
D:5:      layout_cave_pods, lemuel_doored_altar,
          minmay_temple_entry_proselytizer, serial_shops, shop, st_stairs_5,
          dreamdust_mushroom_princess, kennysheep_generic_room_4
D:6:      layout_basic, trog_hazing_becter, minmay_ruined_shrine
D:7:      layout_cave_pools, hellmonk_okawaru_the_only_friend_you_need,
          nemelex_diamond_rough_becter, serial_shops, nicolae_square_shop,
          uniq_maggie, uniq_duvessa, uniq_joseph
D:8:      layout_basic, nicolae_transporter_circle, uniq_erica
D:9:      layout_layer_cave, nicolae_dithmenos_the_darkroom, old_standard_altar
D:10:     layout_loops_cross, lemuel_crystal_altar,
          mainiacjoe_overflow_cross_hatched, dpeg_oklobed_lair
D:11:     layout_small_grid, david_orc_3, serial_shops, bzr_entry_customers,
          hangedman_fish_farm, uniq_amaemon, uniq_sonja, uniq_psyche
D:12:     kennysheep_windowed_halls, layout_basic, due_unseen_surprise
D:13:     layout_loops_ring
D:14:     layout_basic, david_vaults_2, cheibrodos_ashenzari_chains,
          kennysheep_generic_room_2
D:15:     grunt_enter_depths_snipers, layout_cave_pools, serial_bayou_lagoon_a,
          tgw_xom, uniq_agnes, uniq_kirke, uniq_josephine
Temple:   nicolae_temple_x_marks_the_god
Lair:1:   layout_small_grid, uniq_harold, uniq_gastronok
Lair:2:   layout_cave_pods, minmay_snake_entry_guardpost_small,
          infiniplex_staircase_pool
Lair:3:   layout_cave_pods, minmay_shoals_entry_centaurs, serial_bayou_shore_b
Lair:4:   layout_loops_ring, minmay_slime_entry_oklob_open, basic_altar,
          beast_lair_carwin_7
Lair:5:   minmay_lair_end_frog_pond, layout_misc_corridors
Orc:1:    layout_caves, serial_shops, nicolae_shop_overgrown_old_shop,
          nicolae_shop_real_fake_doors, nicolae_shop_industrial_runoff,
          nicolae_shop_bloodbath_and_beyond, nicolae_shop_rolled_up,
          uniq_nergalle
Orc:2:    grunt_orc_cross, layout_caves, portal_ice_cave_entry_pillars_2
Depths:1: evilmike_diamond_2, layout_gridlike, enter_ziggurat_b,
          nicolae_trove_entry_diagonal, hangedman_coc_ice_floe,
          minmay_room_of_horrors, minmay_misc_feat_alley,
          grunt_gozag_breadcrumbs

Skill      XL: |  1  2  3  4  5  6  7  8  9 10 11 12 13 |
---------------+----------------------------------------+-----
Unarmed Combat | 4 5 7 10 14 16 20 21 22 24 | 24.3
Dodging        | 3 4 5 6 8 9 |  9.1
Fighting       | 3 5 6 |  6.1
Stealth        | 1 0 |  0.0
Evocations     | 5 6 7 8 |  8.5
Armour         | 4 3 |  4.8
Shields        | 2 5 |  5.7

Action                     |  1- 3 |  4- 6 |  7- 9 | 10-12 | 13-15 || total
---------------------------+-------+-------+-------+-------+-------++-------
  Melee: Unarmed           |    65 |   142 |   203 |   815 |   418 ||  1643
 Invoke: Sacrifice Love    |       |       |     1 |       |       ||     1
         Sacrifice Experie |       |       |       |     2 |       ||     2
         Apocalypse        |       |       |       |    11 |     7 ||    18
         Sacrifice Health  |       |       |       |     1 |       ||     1
         Sacrifice Stealth |       |       |       |     1 |       ||     1
  Evoke: Lightning rod     |       |     1 |     2 |    17 |       ||    20
         Wand              |       |     1 |       |     2 |     1 ||     4
    Use: Scroll            |       |     3 |     7 |    13 |     3 ||    26
         Potion            |       |       |       |     1 |       ||     1
   Stab: Paralysed         |       |       |       |    16 |     5 ||    21
         Invisible         |       |       |       |     4 |     2 ||     6
         Distracted        |       |       |       |     4 |     5 ||     9
 Armour: Robe              |    22 |    69 |    45 |    27 |       ||   163
         Troll leather arm |       |       |       |   115 |       ||   115
         Acid dragon scale |       |       |       |     9 |       ||     9
         Animal skin       |       |       |       |     3 |   130 ||   133
  Dodge: Dodged            |    28 |    80 |    78 |   365 |   229 ||   780
  Block: Kite shield       |       |       |       |       |    12 ||    12

Table legend: (Time is in decaauts)
 A = Elapsed time spent in this place.
 B = Non-inter-level travel time spent in this place.
 C = Inter-level travel time spent in this place.
 D = Time resting spent in this place.
 E = Time spent auto-exploring this place.
 F = Levels seen in this place.
 G = Mean time per level.
                   A        B        C        D        E       F      G
               +--------+--------+--------+--------+--------+-----+--------+
         Total |  22015 |  20858 |   1157 |   1077 |  14479 |  28 |  786.2 |
       Dungeon |  13985 |  13135 |    850 |    612 |   9632 |  15 |  932.3 |
        Temple |     66 |     50 |     16 |      0 |     36 |   1 |   66.0 |
          Lair |   5311 |   5100 |    211 |    186 |   3462 |   5 | 1062.2 |
  Orcish Mines |   1447 |   1367 |     80 |    183 |    843 |   2 |  723.5 |
        Depths |    292 |    292 |      0 |      0 |    134 |   1 |  292.0 |
         Abyss |    253 |    253 |      0 |     49 |     62 |   1 |  253.0 |
        Bazaar |     22 |     22 |      0 |      0 |      8 |   1 |   22.0 |
       Ossuary |    180 |    180 |      0 |      0 |     87 |   1 |  180.0 |
      Ice Cave |    455 |    455 |      0 |     47 |    215 |   1 |  455.0 |
               +--------+--------+--------+--------+--------+-----+--------+

Top non-repeatable levels by time:
    D:14: 1448 daAuts
     D:6: 1229 daAuts
  Lair:3: 1226 daAuts
  Lair:2: 1180 daAuts
    D:12: 1177 daAuts
     D:9: 1152 daAuts
  Lair:5: 1135 daAuts
    D:10: 1105 daAuts
    D:11: 993 daAuts
  Lair:4: 967 daAuts
     D:4: 887 daAuts
   Orc:2: 870 daAuts
     D:5: 825 daAuts
     D:3: 815 daAuts
     D:1: 813 daAuts
